 Dungeon Crawl Stone Soup version 0.23.2-40-g277498a001 (webtiles) character file.

Game seed: 2692500271625297810

1838 Nivan the Spear-Bearer (level 8, -2/70 (71) HPs)
             Began as a Minotaur Fighter on Oct 6, 2019.
             Was a Follower of Okawaru.
             Killed by divine providence
             ... invoked by an orc priest
              (15 damage)
             ... on level 7 of the Dungeon.
             The game lasted 00:17:24 (4982 turns).

Nivan the Spear-Bearer (Minotaur Fighter)           Turns: 4982, Time: 00:17:25

HP:   -2/70 (71)    AC: 11    Str: 23    XL:     8   Next: 87%
MP:   7/7           EV:  7    Int:  5    God:    Okawaru [*.....]
Gold: 374           SH: 13    Dex: 10    Spells: 7/7 levels left

rFire    . . .     SeeInvis .   u - +0 trident
rCold    . . .     Gourm    .   o - +0 shield
rNeg     + . .     Faith    .   w - +0 chain mail
rPois    .         Spirit   .   (helmet restricted)
rElec    .         Reflect  +   (no cloak)
rCorr    .         Harm     .   D - +0 pair of gloves
MR       .....                  (no boots)
Stlth    ..........             j - +3 amulet of reflection
HPRegen  0.21/turn              l - ring of positive energy
MPRegen  0.10/turn              (no ring)

@: no status effects
A: retaliatory headbutt, horns 2
a: Heroism, Renounce Religion


You were on level 7 of the Dungeon.
You worshipped Okawaru.
Okawaru was aware of your devotion.
You were not hungry.

You visited 1 branch of the dungeon, and saw 6 of its levels.

You collected 374 gold pieces.

Inventory:

Hand Weapons
 u - a +0 trident (weapon)
Armour
 o - a +0 shield (worn)
 w - a +0 chain mail (worn)
 y - a +2 ring mail of fire resistance
 B - a +0 plate armour
 D - a +0 pair of gloves (worn)
Jewellery
 j - a +3 amulet of reflection (around neck)
 l - a ring of positive energy (left hand)
 p - a cursed -3 ring of evasion {unknown}
 x - an uncursed ring of flight {unknown}
Wands
 b - a wand of polymorph (11)
Scrolls
 a - 2 scrolls of amnesia {unknown}
 c - 2 scrolls of identify {unknown}
 e - a scroll of magic mapping {unknown}
 g - a scroll of immolation {unknown}
 h - 5 scrolls of remove curse {unknown}
 i - 2 scrolls of enchant armour {unknown}
 m - a scroll of teleportation {unknown}
 r - a scroll of blinking {unknown}
 C - a scroll of holy word {unknown}
Potions
 d - a potion of might
 k - a potion of haste {unknown}
 n - a potion of agility {unknown}
 q - a potion of resistance {unknown}
 s - 2 potions of lignification {unknown}
 t - 2 potions of flight {unknown}
 v - a potion of cancellation {unknown}
 z - a potion of heal wounds {unknown}
 A - 2 potions of ambrosia {unknown}
Comestibles
 f - 11 rations
 E - a chunk of flesh


   Skills:
 + Level 6.4 Fighting
 + Level 9.5 Polearms
 + Level 7.2 Armour
 + Level 1.7 Dodging
 + Level 0.6 Stealth
 + Level 6.6 Shields
 + Level 0.1 Invocations


You had 7 spell levels left.
You didn't know any spells.
Your spell library was empty.

Dungeon Overview and Level Annotations

Branches:
Dungeon (5/15)
 Temple: D:4-7

Altars:
Ashenzari
Dithmenos
Okawaru
Sif Muna
Yredelemnul


Innate Abilities, Weirdness & Mutations

You reflexively headbutt those who attack you in melee.
You have a pair of horns on your head.


Message History

Pain shoots through your body!
You closely miss the orc priest.
You headbutt the orc priest, but do no damage.
The orc priest is severely wounded.
The orc priest closely misses you. You furiously retaliate!
You headbutt the orc priest. You hit the orc priest.
The orc priest is almost dead.
You hit the orc priest but do no damage.
You headbutt the orc priest, but do no damage.
The orc priest is almost dead.
The orc priest calls down the wrath of Beogh upon you.
Beogh smites you!
* * * LOW HITPOINT WARNING * * *
You closely miss the orc priest.
You headbutt the orc priest, but do no damage.
The orc priest is almost dead.
The orc priest calls down the wrath of Beogh upon you.
Beogh smites you!
You die...

####....).)##..........#
........))###..........#
####.......##.<........#
####...................#
......................##
..........###..........#
.###.#.................#
.##..###########''####.#
.##.## #...@....# ..#.#
#....o...# #.#.#
#..⌠♣♣⌠..# #_#.# #..♣
♣..# #...# #.. ..# #..##
#.( ..# #..# #######..
.# #.## ##....##.
..####...### ###


You could see an orc priest.

Vanquished Creatures
  2 orc warriors (D:7)
  A phantom (D:5)
  A necrophage (D:7)
  6 ogres
  3 bullfrogs
  3 scorpions (D:4)
  6 orc wizards
  3 hounds
  3 orc priests
  A jelly (D:5)
  An iguana (D:4)
  A worker ant (D:4)
  A hound zombie (D:4)
  6 adders
  An ooze (D:1)
  An adder skeleton (D:5)
  2 worms (D:4)
  5 dart slugs
  6 leopard geckos
  21 orcs
  4 giant cockroaches
  7 goblins
  7 hobgoblins
  4 jackals (D:2)
  8 kobolds
  2 quokkas
  2 ball pythons
  10 bats
  5 frilled lizards
  8 rats
131 creatures vanquished.

Notes
Turn   | Place    | Note
-------+----------+-------------------------------------------
     0 | D:1      | Nivan the Minotaur Fighter began the quest for the Orb.
     0 | D:1      | Reached XP level 1. HP: 19/19 MP: 0/0
    78 | D:1      | Reached XP level 2. HP: 24/27 MP: 1/1
   394 | D:1      | Reached XP level 3. HP: 33/33 MP: 2/2
   554 | D:1      | Reached skill level 3 in Polearms
  1140 | D:2      | Reached XP level 4. HP: 39/40 MP: 3/3
  1171 | D:2      | Reached skill level 4 in Polearms
  1304 | D:2      | Found a deep blue altar of Sif Muna.
  1721 | D:3      | Found a shattered altar of Ashenzari.
  2237 | D:3      | Noticed a bullfrog
  2242 | D:3      | Killed a bullfrog
  2242 | D:3      | Reached XP level 5. HP: 39/47 MP: 4/4
  2480 | D:3      | Reached skill level 5 in Polearms
  2734 | D:4      | Reached XP level 6. HP: 33/53 MP: 5/5
  2848 | D:4      | Reached skill level 5 in Shields
  2854 | D:4      | Reached skill level 5 in Armour
  2875 | D:4      | Found a basalt altar of Yredelemnul.
  2941 | D:4      | Reached skill level 6 in Polearms
  2941 | D:4      | Reached skill level 1 in Dodging
  3048 | D:4      | Reached XP level 7. HP: 60/60 MP: 6/6
  3214 | D:4      | Reached skill level 5 in Fighting
  3562 | D:4      | Reached skill level 7 in Polearms
  3753 | D:4      | Found an iron altar of Okawaru.
  3763 | D:4      | Became a worshipper of Warmaster Okawaru
  4111 | D:5      | Entered Level 5 of the Dungeon
  4180 | D:5      | Reached XP level 8. HP: 45/69 MP: 7/7
  4473 | D:5      | Reached skill level 8 in Polearms
  4656 | D:5      | You fall through a shaft for 2 floors!
  4756 | D:7      | Reached * piety under Okawaru
  4774 | D:7      | Reached skill level 9 in Polearms
  4841 | D:7      | Found a shadowy altar of Dithmenos.
  4982 | D:7      | Killed from afar by an orc priest

Skill      XL: |  1  2  3  4  5  6  7  8 |
---------------+-------------------------+-----
Fighting       | 4 5 6 |  6.4
Armour         | 4 5 6 7 |  7.2
Shields        | 4 5 6 |  6.6
Polearms       | 3 4 5 6 7 9 |  9.5
Dodging        | 1 |  1.7
Stealth        | |  0.6
Invocations    | |  0.1

Action                   |  1- 3 |  4- 6 |  7- 9 || total
-------------------------+-------+-------+-------++-------
Melee: Trident           |   129 |   159 |   210 ||   498
       Headbutt          |    15 |    21 |    31 ||    67
Invok: Heroism           |       |       |     2 ||     2
  Use: Potion            |       |       |     1 ||     1
  Eat: Chunk             |     1 |     6 |     7 ||    14
Armor: Scale mail        |    31 |       |       ||    31
       Chain mail        |     4 |    50 |    34 ||    88
Dodge: Dodged            |    27 |    17 |    24 ||    68
Block: Shield            |    55 |    87 |    69 ||   211
       Reflection        |     1 |     2 |     2 ||     5
